 Dungeon Crawl Stone Soup version 0.31.0-32-g396128a36d (webtiles) character file.

Game seed: 8675644596868831487

837 Doomgape the Covered (level 7, -5/45 HPs)
             Began as a Gargoyle Fighter on Mar 30, 2024.
             Was an Initiate of Gozag.
             Killed from afar by Maggie (23 damage)
             ... with a bolt of fire
             ... on level 6 of the Dungeon.
             The game lasted 00:09:46 (5129 turns).

Doomgape the Covered (Gargoyle Fighter)             Turns: 5129, Time: 00:09:47

Health: -5/45      AC: 17    Str: 22    XL:     7   Next: 99%
Magic:  7/7        EV:  8    Int:  8    God:    Gozag
Gold:   594        SH:  5    Dex:  9    Spells: 6/6 levels left

rFire   . . .        a - +0 flail
rCold   . . .        c - +0 buckler
rNeg    + . .        m - +0 chain mail
rPois   ∞            e - +1 helmet of Sif Muna's Grace {Slay+3}
rElec   +            (no cloak)
rCorr   .            (no gloves)
SInv    .            (no boots)
Will    .....        (no amulet) Stlth
                     (no ring)
HPRegen 0.27/turn    (no ring)
MPRegen 0.10/turn

%: no passive effects
@: no status effects
A: sickness immunity, AC +4, negative energy resistance 1, electricity
resistance, torment resistance 1, petrification resistance
a: Renounce Religion, Potion Petition, Call Merchant, Bribe Branch


You were on level 6 of the Dungeon.
You worshipped Gozag.
Gozag was pleased with you.
You visited 1 branch of the dungeon, and saw 6 of its levels.
You also visited: Sewer.

You collected 666 gold pieces.
You paid 72 gold pieces to Gozag.

Inventory:

Hand Weapons
 a - a +0 flail (weapon)
Armour
 c - a +0 buckler (worn)
 e - the +1 helmet of Sif Muna's Grace (worn) {Slay+3}
   (You took it off Robin on level 3 of the Dungeon)

   Slay+3:    It affects your accuracy & damage with ranged weapons and melee
   (+3).
 m - a +0 chain mail (worn)
Wands
 i - a wand of flame (32)
 q - a wand of polymorph (10)
 t - a wand of iceblast (19)
 u - a wand of charming (7)
Scrolls
 j - 3 scrolls of teleportation
 k - 4 scrolls of identify
 n - 2 scrolls of fear
 o - a scroll of immolation {unknown}
 p - a scroll of vulnerability
 r - a scroll of fog {unknown}
 w - a scroll of amnesia
Potions
 b - 3 potions of curing {unknown}
 d - a potion of might
 f - 2 potions of heal wounds
 g - a potion of mutation
 h - a potion of brilliance {unknown}
 l - 3 potions of enlightenment {unknown}
 s - a potion of resistance {unknown}
 v - a potion of haste {unknown}


   Skills:
 + Level 5.7 Fighting
 + Level 4.6 Maces & Flails
 + Level 5.8 Armour
 + Level 5.7 Shields


You had 6 spell levels left.
You didn't know any spells.
Your spell library contained the following spells:

 Spells                   Type           Power      Damage    Failure   Level
 Apportation              Tloc           0%         N/A       97%         1
 Necrotise                Necr           0%         1d4       97%         1
 Sting                    Conj/Alch      0%         1d3       97%         1
 Summon Small Mammal      Summ           0%         N/A       97%         1


Dungeon Overview and Level Annotations

Branches:
Dungeon (6/15)             Temple (0/1) D:5           Sewer (visited)

Altars:
Ashenzari
Elyvilon
Gozag
Zin
The Shining One

Annotations:
D:6 Maggie


Innate Abilities, Weirdness & Mutations

You are immune to sickness and miasma.
Your stone body is resilient. (AC +4)
You are immune to poison.
You resist negative energy. (rN+)
You are resistant to electric shocks. (rElec)
You are resistant to unholy torment.
You are immune to petrification.


Message History

The hound is heavily wounded.
The hound closely misses you. The hound bites you but does no damage.
You sock the hound!
The hound is almost dead.
The hound closely misses you.
You hit the hound.
You kill the hound!
You now have 594 gold pieces (gained 4).
Found 7 stones.
You see here a +0 scale mail.
There is a stone staircase leading down here.
Maggie the Vainglorious comes into view.
She is wielding a +1 glaive of pain.
Found an escape hatch in the ceiling.
Maggie casts a spell.
Maggie attempts to bespell you! You resist with almost no effort.
Aiming: Iceblast
Press: ? - help, Shift-Dir - straight line, f - Maggie
Aim: Maggie, wielding a +1 glaive of pain and wearing +0 acid dragon scales The mass of ice explodes!
The iceblast engulfs Maggie!
Maggie is lightly wounded.
Unknown command.
You block Maggie's attack. Maggie gestures at you while chanting.
The bolt of fire hits you!!
You hit Maggie.
Maggie is moderately wounded.
Maggie completely misses you.
You hit Maggie.
Maggie is moderately wounded.
Maggie hits you with a +1 glaive of pain!
You closely miss Maggie.
Maggie is moderately wounded.
Maggie hits you but does no damage.
You sock Maggie!
Maggie is heavily wounded.
Maggie casts a spell at you. The bolt of fire hits you!!
Ouch! That really hurt!
You die...
Your body crumbles into a pile of gold.

#############
#...........#
#.#########.#
#.# #.# #.#
#@# #.# #@#
#.# #.# # #.#
#.# # #.# #.#
# #.# #.#
######.# #.#
......># #.#
######.#


You could see Maggie.

Vanquished Creatures
  A water moccasin (D:5)
  A black bear (D:5)
  An ogre (D:5)
  A howler monkey (D:5)
  2 orc priests (D:5)
  3 hounds
  3 iguanas
  A sleepcap (D:3)
  Natasha (thrice) (D:2)
  An orc wizard (D:6)
  Robin (D:3)
  4 adders
  3 gnolls (D:5)
  2 river rats (Sewer)
  A shadow imp (D:5)
  A white imp (D:6)
  4 ribbon worms
  3 dart slugs
  6 orcs
  7 endoplasms
  9 giant cockroaches
  11 goblins
  5 hobgoblins
  3 jackals
  10 quokkas
  6 ball pythons
  11 bats
  A frilled lizard (Sewer)
  7 kobolds
  5 rats
117 creatures vanquished.

Vanquished Creatures (others)
  An orc (D:5)
1 creature vanquished.

Grand Total: 118 creatures vanquished

Notes
Turn   | Place    | Note
-------+----------+-------------------------------------------
     0 | D:1      | Doomgape the Gargoyle Fighter began the quest for the Orb.
     0 | D:1      | Reached XP level 1. HP: 14/14 MP: 1/1
   362 | D:1      | Reached XP level 2. HP: 11/19 MP: 2/2
   875 | D:2      | Reached XP level 3. HP: 15/24 MP: 3/3
  1034 | D:2      | Noticed Natasha
  1041 | D:2      | Killed Natasha
  1042 | D:2      | Reached XP level 4. HP: 23/29 MP: 4/4
  1262 | D:2      | Noticed Natasha
  1272 | D:2      | Killed Natasha
  1361 | D:2      | Noticed Natasha
  1368 | D:2      | Killed Natasha
  1369 | D:2      | Reached XP level 5. HP: 31/33 MP: 5/5
  1837 | D:3      | Found a glowing drain.
  1860 | Sewer    | Entered a sewer
  2405 | D:3      | Identified the +1 helmet of Sif Muna's Grace {Slay+3}
  2405 | D:3      | Noticed Robin
  2427 | D:3      | Killed Robin
  2428 | D:3      | Reached XP level 6. HP: 32/39 MP: 6/6
  2497 | D:3      | Found a glowing silver altar of Zin.
  2515 | D:3      | Found a glowing golden altar of the Shining One.
  2516 | D:3      | Found a white marble altar of Elyvilon.
  2531 | D:3      | Found an opulent altar of Gozag.
  2546 | D:3      | Became a worshipper of Gozag Ym Sagoz the Greedy
  3063 | D:4      | Found a broken altar of Ashenzari.
  3654 | D:5      | Entered Level 5 of the Dungeon
  3807 | D:5      | Reached skill level 5 in Armour
  3814 | D:5      | Found a staircase to the Ecumenical Temple.
  3855 | D:5      | Reached skill level 5 in Fighting
  3868 | D:5      | Reached skill level 5 in Shields
  3868 | D:5      | Reached XP level 7. HP: 30/44 MP: 7/7
  5121 | D:6      | Noticed Maggie
  5129 | D:6      | Killed from afar by Maggie

Illustrated notes

Levels and vault maps discovered:
D:1:      lightli_arrival_quake, layout_loops_ring,
          chequers_serial_rivers_marsh, dreamdust_mushroom_princess,
          due_unseen_surprise
D:2:      layout_basic, uniq_natasha
D:3:      layout_basic, good_gods_temple_1, grunt_gozag_breadcrumbs,
          gup_sewer_entry_pipe, uniq_robin
D:4:      layout_basic, evilmike_ruin_ashenzari
D:5:      layout_loops_ring, minmay_temple_entry_large_hall,
          dreamdust_wishing_well, lemuel_flame_loot_1
D:6:      layout_basic, kennysheep_mini_moat, uniq_maggie

Skill      XL: |  1  2  3  4  5  6 |
---------------+-------------------+-----
Fighting       | 4 5 |  5.7
Armour         | 4 5 |  5.8
Shields        | 4 5 |  5.7
Maces & Flails | 3 4 |  4.6

Action                     |  1- 3 |  4- 6 |  7- 9 || total
---------------------------+-------+-------+-------++-------
  Melee: Flail             |    94 |   274 |    82 ||   450
  Evoke: Wand              |       |       |     1 ||     1
    Use: Scroll            |       |     7 |       ||     7
   Stab: Distracted        |       |       |     1 ||     1
 Armour: Scale mail        |    70 |    29 |       ||    99
         Chain mail        |       |   199 |    80 ||   279
  Dodge: Dodged            |    57 |   132 |    48 ||   237
  Block: Buckler           |    13 |    72 |    14 ||    99
